 Dungeon Crawl Stone Soup version 0.31-a0-1539-g569d6c7dce (webtiles) character file.

Game seed: 9996409857320584687

116 Flugslaktarn the Trooper (level 4, -11/41 HPs)
             Began as a Minotaur Fighter on Jan 1, 2024.
             Succumbed to a kobold brigand's curare-tipped dart
             ... in a sewer.
             The game lasted 00:00:57 (1572 turns).

Flugslaktarn the Trooper (Minotaur Fighter)         Turns: 1572, Time: 00:00:58

Health: -11/41     AC:  7    Str: 23    XL:     4   Next: 70%
Magic:  3/3        EV:  9    Int:  5    God:
Gold:   74         SH:  4    Dex:  9    Spells: 3/3 levels left

rFire   . . .        a - +0 war axe
rCold   . . .        c - +0 buckler
rNeg    . . .        b - +0 scale mail
rPois   .            (helmet restricted)
rElec   .            (no cloak)
rCorr   .            (no gloves)
SInv    .            (no boots)
Will    .....        (no amulet) Stlth
                     (no ring)
HPRegen 0.26/turn    (no ring)
MPRegen 0.08/turn

%: no passive effects
@: lethally poisoned (-11 -> -37), slowed, very slow
A: horns 2, retaliatory headbutt
a: no special abilities


You were in a sewer.
You visited 1 branch of the dungeon, and saw 3 of its levels.
You also visited: Sewer.

You collected 74 gold pieces.

Inventory:

Hand Weapons
 a - a +0 war axe (weapon)
Armour
 b - a +0 scale mail (worn)
 c - a +0 buckler (worn)
Scrolls
 f - a scroll of identify {unknown}
 i - a scroll of teleportation {unknown}
 k - a scroll of enchant weapon {unknown}
Potions
 d - a potion of might
 g - a potion of magic
 h - a potion of mutation {unknown}
 j - a potion of heal wounds {unknown}


   Skills:
 * Level 4.9 Fighting
 * Level 4.0 Axes
 + Level 4.1 Armour
 + Level 4.2 Shields


You had 3 spell levels left.
You didn't know any spells.
Your spell library was empty.

Dungeon Overview and Level Annotations

Branches:
Dungeon (3/15)              Sewer (1/1)

Altars:

Shops:
D:1 [*(*


Innate Abilities, Weirdness & Mutations

You have a pair of horns on your head.
You reflexively headbutt those who attack you in melee.


Message History

The world spins around you as you enter the gateway.
You enter a sewer!
The river rat squeaks loudly.
The rat squeaks loudly.
Found a gate leading back out of this place.
There is an empty arch of ancient stone here.
There are monsters nearby!
There are monsters nearby!
The rat bites you but does no damage.
You closely miss the rat. You headbutt the rat.
You kill the rat!
You slash the river rat!
You kill the river rat!
You barely miss the river rat. The river rat bites you.
You closely miss the river rat. The river rat barely misses you. x2
You furiously retaliate!
You headbutt the river rat!
You kill the river rat!
The river rat bites you but does no damage.
There is an empty arch of ancient stone here.
You see here a river rat corpse.
You slash the river rat!
The river rat is severely wounded.
You block the river rat's attack.
You closely miss the river rat.
The river rat is severely wounded.
The river rat closely misses you. x2
You hit the river rat but do no damage. You headbutt the river rat.
You kill the river rat!
Your Axes skill increases to level 4!
You barely miss the rat. The rat completely misses you.
You barely miss the rat.
The rat bites you but does no damage. x2
A rat is nearby!
You slash the rat!
You kill the rat!
HP restored.
There is a gate leading back out of this place, spattered with blood here.
You see here a rat corpse.
There is an empty arch of ancient stone here.
You see here a river rat corpse.
You see here a river rat corpse.
You enter the shallow water.
Moving in this stuff is going to be slow.
A jackal comes into view.
The jackal barks!
A kobold comes into view. It is wielding a +0 short sword.
A jackal comes into view.
No reachable target in view!
There are monsters nearby!
There are monsters nearby!
No reachable target in view!
No reachable target in view!
No reachable target in view!
No reachable target in view!
No reachable target in view!
No reachable target in view!
No reachable target in view!
No reachable target in view!
A kobold comes into view. It is wielding a +0 whip.
Found a gate leading back out of this place.
The jackal barks!
The kobold shouts!
You hear a shout!
You hear a bark!
You hear a shout!
The kobold moves out of view.
A kobold brigand comes into view.
It is wielding a +0 short sword and quivering curare-tipped darts.
A kobold and a jackal come into view.
The kobold is wielding a +1 short sword of holy wrath.
The kobold shouts!
The jackal barks!
The kobold brigand throws a curare-tipped dart.
The curare-tipped dart hits you.
You are poisoned.
You have difficulty breathing.
You feel yourself slow down.
You enter the shallow water.
Moving in this stuff is going to be slow.
A kobold comes into view. It is wielding a +0 short sword.
You feel very sick.
The kobold shouts!
The kobold throws a stone.
The stone hits you.
The kobold brigand throws a curare-tipped dart.
The curare-tipped dart hits you.
You are lethally poisoned!
You have difficulty breathing.
You feel as though you will be slow longer.
The kobold throws a stone.
The stone hits you but does no damage.
The kobold moves out of view.
A kobold brigand comes into view.
It is wielding a +0 short sword and quivering poisoned darts.
It was a potion of magic.
Magic courses through your body.
* * * LOW HITPOINT WARNING * * *
You feel extremely sick.
Unknown command.
As you read the scroll labelled ZIFING WERA, it crumbles to dust.
You feel aware of your surroundings.
You sensed 1 altar.
It was a scroll of revelation.
* * * LOW HITPOINT WARNING * * *
You feel extremely sick.
The kobold brigand throws a curare-tipped dart.
The curare-tipped dart hits you.
You are more poisoned.
You have difficulty breathing.
* * * LOW HITPOINT WARNING * * *
You feel as though you will be slow longer.
Unknown command.
You die...

#~# ####~###########
####~###########
####~###########
####~###########
####~###########**
####~##########.,**
####~#########..~,**
****###.~..@~.K..#.~~~,*
******,......~~~~~~~~K#..~,,*
~~~~~~~~~≈~~~~~~~≈≈≈Kh#K.,,,*
~~~~~~≈≈≈≈≈≈≈≈≈≈≈≈≈≈~K...,,,*
*~~~~~~~~~~~~~~~h≈≈≈~~#..,,,*
******.......~~~~Kh~..#..,*,**
*##.###..~..~~...##.**,,*
#∩################**,** ***
**,,*


You could see 2 kobold brigands, 3 jackals and 3 kobolds.

Vanquished Creatures
  3 adders
  3 river rats (Sewer)
  2 ribbon worms (D:2)
  7 bats
  6 endoplasms
  5 giant cockroaches
  4 goblins
  5 hobgoblins
  2 jackals (D:2)
  4 quokkas
  3 ball pythons
  3 frilled lizards
  5 kobolds
  5 rats
57 creatures vanquished.

Notes
Turn   | Place    | Note
-------+----------+-------------------------------------------
     0 | D:1      | Flugslaktarn the Minotaur Fighter began the quest for the
                  | Orb.
     0 | D:1      | Reached XP level 1. HP: 19/19 MP: 0/0
   135 | D:1      | Reached XP level 2. HP: 26/27 MP: 1/1
   159 | D:1      | Found Ceythr Sipa's General Store.
   327 | D:1      | Found a faded altar of an unknown god.
   429 | D:1      | Found Kiaw's Assorted Antiques.
   458 | D:1      | Found Tuhessa's Weapon Boutique.
   573 | D:1      | Found Ozik's Antique Armour Emporium.
   773 | D:2      | Reached XP level 3. HP: 33/33 MP: 2/2
  1404 | D:3      | Reached XP level 4. HP: 37/41 MP: 3/3
  1505 | D:3      | Found a glowing drain.
  1518 | Sewer    | Entered a sewer
  1567 | Sewer    | Noticed a kobold brigand
  1570 | Sewer    | Noticed a kobold brigand
  1571 | Sewer    | HP: 1/41 [asphyx]
  1572 | Sewer    | Succumbed to a kobold brigand's curare-tipped dart

Illustrated notes

Levels and vault maps discovered:
D:1:      mrwooster_arrival_statue_2, layout_basic, serial_shops, shop, shop,
          nicolae_shop_window_shopping, nicolae_shop_real_fake_doors,
          shapermc_ecumenical_altar_pompeii, minmay_misc_feat_enclosed
D:2:      layout_loops_ring
D:3:      layout_loops_ring, portal_sewer_entry_f, minivault_19, uniq_grinder
Sewer:    sewer_kobolds

Skill      XL: |  1  2  3  4 |
---------------+-------------+-----
Fighting       | 4 |  4.9
Axes           | 3 4 |  4.0
Shields        | 4 |  4.2
Armour         | 4 |  4.1

Action                     |  1- 3 |  4- 6 || total
---------------------------+-------+-------++-------
  Melee: War axe           |    99 |    26 ||   125
         Headbutt          |    12 |     2 ||    14
    Use: Scroll            |       |     1 ||     1
         Potion            |       |     1 ||     1
 Armour: Scale mail        |    69 |    23 ||    92
  Dodge: Dodged            |    56 |    15 ||    71
  Block: Buckler           |    20 |     5 ||    25

Table legend: (Time is in decaauts)
 A = Elapsed time spent in this place.
 B = Non-inter-level travel time spent in this place.
 C = Inter-level travel time spent in this place.
 D = Time resting spent in this place.
 E = Time spent auto-exploring this place.
 F = Levels seen in this place.
 G = Mean time per level.
                   A        B        C        D        E       F      G
               +--------+--------+--------+--------+--------+-----+--------+
         Total |   1632 |   1573 |     59 |      0 |   1226 |   4 |  408.0 |
       Dungeon |   1562 |   1503 |     59 |      0 |   1184 |   3 |  520.7 |
         Sewer |     70 |     70 |      0 |      0 |     42 |   1 |   70.0 |
               +--------+--------+--------+--------+--------+-----+--------+

Top non-repeatable levels by time:
     D:1: 698 daAuts
     D:2: 689 daAuts
     D:3: 174 daAuts
   Sewer: 70 daAuts
